 Dungeon Crawl Stone Soup version 0.26.1-10-gdfb7c7de75 (webtiles) character file.

Game seed: 12263046993279815594

1617 tardwrangler69 the Spear-Bearer (level 8, -7/57 HPs)
             Began as an Octopode Fighter on Apr 7, 2021.
             Was an Initiate of Gozag.
             Mangled by an ice beast (13 damage)
             ... on level 5 of the Dungeon.
             The game lasted 00:07:13 (6977 turns).

tardwrangler69 the Spear-Bearer (Octopode Fighter)  Turns: 6977, Time: 00:07:13

Health: -7/57      AC:  1    Str: 17    XL:     8   Next: 96%
Magic:  8/8        EV: 13    Int: 16    God:    Gozag
Gold:   389        SH: 10    Dex: 12    Spells: 7/7 levels left

rFire    . . .     SeeInvis .   a - +0 trident
rCold    . . .     Faith    .   b - +1 kite shield
rNeg     . . .     Spirit   .   (helmet restricted)
rPois    .         Reflect  .   (no amulet)
rElec    .         Harm     .   (no ring)
rCorr    .         Rampage  .   r - +6 ring of intelligence
Will     .....                  (no ring)
Stlth    ++........             (no ring)
HPRegen  0.19/turn              (no ring)
MPRegen  0.11/turn              (no ring)
                                (no ring)
                                (no ring)

@: gold aura
A: almost no armour, stealthy swim, amphibious, 8 rings, constrict 8, camouflage
1, gelatinous body 1
a: Renounce Religion, Potion Petition, Call Merchant, Bribe Branch


You were on level 5 of the Dungeon.
You worshipped Gozag.
Gozag was aware of your devotion.
You visited 2 branches of the dungeon, and saw 7 of its levels.

You collected 425 gold pieces.
You paid 36 gold pieces to Gozag.

Inventory:

Hand Weapons
 a - a +0 trident (weapon)
Missiles
 p - 2 curare-tipped darts (quivered)
 q - a throwing net
Armour
 b - a +1 kite shield (worn)
Jewellery
 n - an uncursed ring of fire
 r - a +6 ring of intelligence (right tentacle)
Wands
 m - a wand of iceblast (4)
Scrolls
 d - 2 scrolls of remove curse
 f - 3 scrolls of enchant armour
 g - a scroll of magic mapping
 k - 2 scrolls of identify
Potions
 c - 2 potions of might
 e - 5 potions of curing {unknown}
 h - a potion of mutation {unknown}
 i - 2 potions of flight
 j - 4 potions of haste {unknown}
 l - 2 potions of brilliance {unknown}


   Skills:
 + Level 6.2 Fighting
 * Level 8.1 Polearms
 + Level 6.2 Dodging
 - Level 3.0 Shields


You had 7 spell levels left.
You didn't know any spells.
Your spell library contained the following spells:

 Spells                   Type           Power        Failure   Level
 Animate Skeleton         Necr           0%           75%         1
 Apportation              Tloc           0%           75%         1
 Corona                   Hex            0%           75%         1
 Magic Dart               Conj           0%           75%         1
 Summon Small Mammal      Summ           0%           75%         1
 Blink                    Tloc           N/A          87%         2
 Call Imp                 Summ           0%           87%         2
 Slow                     Hex            0%           87%         2
 Conjure Flame            Conj/Fire      0%           98%         3
 Mephitic Cloud           Conj/Pois/Air  0%           98%         3


Dungeon Overview and Level Annotations

Branches:
Dungeon (6/15)             Temple (1/1) D:4

Altars:
Ashenzari
Cheibriados
Dithmenos
Elyvilon
Gozag
Kikubaaqudgha
Makhleb
Nemelex Xobeh
Okawaru
Qazlal
Ru
Sif Muna
Trog
Uskayaw
Vehumet
Wu Jian
Xom
Zin
The Shining One


Innate Abilities, Weirdness & Mutations

You cannot wear most types of armour.
You are very stealthy in the water. (Stealth+)
You are amphibious.
You can wear up to eight rings at the same time.
You can use your tentacles to constrict eight enemies at once.
Your skin changes colour to match your surroundings (Stealth+).
Your rubbery body absorbs attacks. (AC +1, EV +1)


Message History

The ice beast is heavily wounded.
You block the ice beast's attack.
You hit the ice beast but do no damage.
The ice beast is heavily wounded.
The ice beast hits you. The ice beast freezes you!
You hit the ice beast.
You squeeze the ice beast, but do no damage.
The ice beast is severely wounded.
The ice beast hits you. The ice beast freezes you!
* * * LOW HITPOINT WARNING * * *
You hit the ice beast.
The ice beast is severely wounded.
The ice beast closely misses you.
You puncture the ice beast!
The ice beast is almost dead.
The ice beast hits you.
* * * LOW HITPOINT WARNING * * *
The ice beast freezes you!
You die...
Your body crumbles into a pile of gold.

## #.......................####
.# ##........................###
.###...#.....(...........>.....##
.##...##.....................#..#
.....###.........#...........#⌠.⌠
......###.......####..........._.
.....## #........###......#...⌠.⌠
.....#####......##...(....#......
.........#......@Y(...>..........
......#.........##..............#
......#.)........#..............#
................##...........#.##
.....##.#......######............
.(...#.##.......## ###......###.#
........##.......###........#####
....#..............##.(.......##.
....###....#...........#.......#.


You could see an ice beast.

Vanquished Creatures
  2 ice beasts (D:5)
  2 sky beasts (D:5)
  5 ogres
  2 centaurs
  2 bullfrogs
  A scorpion (D:4)
  A howler monkey (D:5)
  A bullfrog zombie (D:5)
  A hound (D:4)
  An orc priest (D:3)
  Jessica (D:3)
  4 worker ants
  An iguana (D:4)
  A worker ant zombie (D:5)
  4 gnolls (D:3)
  8 adders
  A shadow imp (D:5)
  2 white imps
  An ufetubus (D:5)
  2 oozes
  3 worms
  A dart slug (D:2)
  6 leopard geckos
  5 orcs
  7 bats
  8 giant cockroaches
  9 goblins
  7 hobgoblins
  10 jackals
  5 kobolds
  2 quokkas (D:2)
  2 ball pythons
  6 frilled lizards
  A leopard gecko skeleton (D:4)
  A quokka skeleton (D:4)
  9 rats
125 creatures vanquished.

Vanquished Creatures (others)
  3 plants (D:5)
3 creatures vanquished.

Grand Total: 128 creatures vanquished

Notes
Turn   | Place    | Note
-------+----------+-------------------------------------------
     0 | D:1      | tardwrangler69 the Octopode Fighter began the quest for the
                  | Orb.
     0 | D:1      | Reached XP level 1. HP: 16/16 MP: 1/1
   178 | D:1      | Reached XP level 2. HP: 21/21 MP: 2/2
   398 | D:1      | Reached XP level 3. HP: 26/26 MP: 3/3
   815 | D:2      | Found an iron altar of Okawaru.
   823 | D:2      | Reached skill level 3 in Polearms
  1013 | D:2      | Reached XP level 4. HP: 24/31 MP: 4/4
  1194 | D:2      | Found an ornate altar of the Wu Jian Council.
  1407 | D:2      | Found a shimmering blue altar of Sif Muna.
  1510 | D:2      | Found a burning altar of Makhleb.
  2008 | D:3      | Noticed Jessica
  2014 | D:3      | Killed Jessica
  2015 | D:3      | Reached XP level 5. HP: 36/37 MP: 5/5
  2109 | D:3      | Reached skill level 4 in Polearms
  2490 | D:3      | Reached XP level 6. HP: 12/43 MP: 6/6
  2729 | D:3      | Found a glowing silver altar of Zin.
  2731 | D:3      | Noticed an angel
  2735 | D:3      | Found a shimmering altar of Xom.
  3454 | D:3      | Found a glowing golden altar of the Shining One.
  3721 | D:4      | Reached skill level 5 in Polearms
  3873 | D:4      | Reached XP level 7. HP: 43/49 MP: 7/7
  4428 | D:4      | Found a staircase to the Ecumenical Temple.
  4506 | Temple   | Entered the Ecumenical Temple
  4610 | Temple   | Became a worshipper of Gozag Ym Sagoz the Greedy
  4745 | D:5      | Entered Level 5 of the Dungeon
  4936 | D:5      | Found a sparkling altar of Nemelex Xobeh.
  5012 | D:5      | Found a shadowy altar of Dithmenos.
  5065 | D:5      | Reached skill level 5 in Fighting
  5065 | D:5      | Reached skill level 6 in Polearms
  5066 | D:5      | Reached skill level 5 in Dodging
  5388 | D:5      | Reached XP level 8. HP: 55/55 MP: 8/8
  5806 | D:5      | Reached skill level 7 in Polearms
  6643 | D:6      | Reached skill level 8 in Polearms
  6977 | D:5      | Mangled by an ice beast

Illustrated notes

Levels and vault maps discovered:
D:1:      tarquinn_simple_flora_water_f, layout_loops_ring
D:2:      layout_basic, lemuel_blue_sif_altar, okawaru_trees_2,
          lemuel_coloured_pillars_altar, nzn_wu_jian_council_hall,
          lemuel_old_faithful
D:3:      layout_basic, grunt_temple_overflow_order_and_chaos_1,
          nicolae_tso_swordbearing_angel, kennysheep_generic_room_6,
          uniq_jessica
D:4:      layout_rooms, temple_hall, hangedman_abyss_or_decor_passed
D:5:      layout_cave_pools, nicolae_dithmenos_through_a_glass_darkly,
          serial_bayou_pond_b, nemelex_xobeh_ov_fountains_minmay
D:6:      layout_cave_pools, minivault_14, grunt_decor_arrowhead
Temple:   jpeg_temple_clearing

Skill      XL: |  1  2  3  4  5  6  7  8 |
---------------+-------------------------+-----
Polearms       | 3 4 5 6 8 |  8.1
Fighting       | 4 5 6 |  6.2
Dodging        | 4 5 6 |  6.2
Shields        | |  3.0

Action                   |  1- 3 |  4- 6 |  7- 9 || total
-------------------------+-------+-------+-------++-------
Melee: Trident           |    84 |   112 |   126 ||   322
       Constrict         |    14 |    27 |    16 ||    57
       Tentacles         |     8 |    17 |    23 ||    48
Throw: Javelin           |       |       |    13 ||    13
       Dart              |       |       |     3 ||     3
Evoke: Wand              |       |     1 |       ||     1
  Use: Scroll            |       |     6 |       ||     6
       Potion            |       |       |     1 ||     1
 Stab: Sleeping          |     7 |    11 |     5 ||    23
       Distracted        |       |       |     1 ||     1
Armor: Skin              |     3 |     4 |     4 ||    11
Dodge: Dodged            |    25 |    32 |    62 ||   119
Block: Kite shield       |    21 |    35 |    61 ||   117
